Map: Dusk Towers

Players

PiG

  • Race: Zerg Zerg
  • League: Master

Bobby - Winner!

  • Race: Terran Terran
  • League: Grandmaster

VOD

Have the link to the VOD?

Description

Time

  • Played on: Nov. 26, 2015, 4:49 p.m.
  • Length: 10:02
Show
View Real Time Build Order
Export as new Build Order

PiG Zerg 

Build Orders: Hatch First 

Get SALT Encoding   

  12  0:01  Drone  
  13  0:14  Overlord  
  13  0:17  Drone  
  14  0:32  Drone x2  
  16  0:37  Drone  
  17  0:47  Drone  
  18  0:56  Hatchery  
  17  0:59  Drone  
  18  1:13  Spawning Pool  
  18  1:14  Drone  
  18  1:19  Drone  
  19  1:36  Hatchery  
  18  1:40  Drone  
  18  1:43  Drone  
  20  1:53  Extractor  
  19  1:57  Drone  
  19  1:59  Queen  
  22  2:07  Queen  
  22  2:08  Drone  
  25  2:10  Drone  
  26  2:17  Drone  
  26  2:19  Overlord  
  27  2:29  Overlord  
  27  2:30  Drone  
  27  2:33  Extractor  
  27  2:43  Zergling x4  
  29  2:50  Queen  
  29  2:51  Queen  
  32  2:55  Drone x2  
  36  3:06  Roach Warren  
  36  3:07  Drone x2  
  37  3:13  Drone x2, Extractor  
  37  3:17  Drone  
  37  3:19  Drone  
  40  3:26  Overlord  
  39  3:31  Drone  
  41  3:42  Overlord  
  41  3:43  Overlord  
  41  3:46  Roach x3  
  41  3:47  Roach  
  49  3:58  Overlord x3  
  49  4:02  Drone  
  50  4:03  Drone x2  
  52  4:11  Overlord  
  52  4:13  Drone x3  
  52  4:15  Drone  
  56  4:21  Drone x2  
  56  4:22  Drone x3  
  61  4:27  Roach x2  
  65  4:31  Overlord  
  65  4:33  Roach  
  63  4:47  Roach x5  
  63  4:49  Drone  
  63  5:01  Queen x2  
  67  5:07  Drone x4  
  68  5:14  Drone  
  68  5:16  Drone x3  
  72  5:25  Drone x3  
  75  5:31  Overlord  
  75  5:36  Drone  
  74  5:57  Drone x2  
  74  5:58  Drone x2  
  74  6:00  Extractor  
  74  6:01  Extractor x2  
  74  6:02  Drone x2  
  74  6:03  Drone x3  
  80  6:10  Spore Crawler  
  75  6:16  Spore Crawler  
  75  6:18  Hatchery  
  73  6:19  Spore Crawler, Drone x3  
  73  6:22  Drone  
  73  6:23  Drone  
  77  6:26  Drone x3  
  77  6:30  Drone x3  
  77  6:31  Drone x2  
  85  6:42  Overlord x2  
  85  6:43  Overlord  
  85  6:44  Lair  
  86  6:47  Evolution Chamber, Drone  
  86  6:49  Evolution Chamber, Extractor  
  86  6:50  Drone x3, Extractor  
  86  6:51  Drone x3  
  86  6:53  Metabolic Boost  
  88  7:06  Overlord  
  88  7:08  Drone x2  
  88  7:09  Drone  
  88  7:10  Roach x5  
  88  7:15  Zerg Ground Armor Level 1, Zerg Melee Weapons Level 1  
  99  7:43  Roach x6  
  111  7:58  Overlord x4  
  111  8:01  Zergling x22  
  111  8:03  Infestation Pit, Queen  
  123  8:10  Ravager  
  123  8:11  Ravager x6  
  130  8:13  Overlord x2  
  130  8:14  Overlord  
  130  8:15  Ravager x2  
  132  8:22  Drone x4  
  132  8:23  Drone x3  
  132  8:24  Zergling x10  
  138  8:42  Zergling x18  
  132  8:49  Roach x2  
  132  8:53  Zergling x10  
  138  8:59  Roach  
  132  9:07  Roach x4  
  132  9:09  Ravager x6  
  139  9:16  Roach x3  
  144  9:23  Zergling x8  
  144  9:30  Zergling x2  
  143  9:32  Hatchery  
Show
View Real Time Build Order
Export as new Build Order

Bobby Terran - Winner!

Build Orders: Hellion Opening, Reaper Expand, MMM Bio 

Get SALT Encoding   

  12  0:01  SCV  
  13  0:13  SCV  
  14  0:19  Supply Depot  
  14  0:25  SCV  
  15  0:41  SCV  
  15  0:42  Barracks  
  16  0:45  Refinery  
  16  0:53  SCV  
  17  1:05  SCV  
  18  1:17  SCV  
  19  1:29  Reaper, Orbital Command  
  20  1:40  Command Center  
  20  1:50  Supply Depot  
  20  1:54  SCV  
  21  2:01  Marine  
  21  2:05  Factory  
  21  2:07  SCV  
  23  2:11  Refinery  
  23  2:19  SCV  
  24  2:23  Barracks Reactor  
  24  2:31  SCV  
  25  2:43  SCV  
  26  2:52  Starport  
  26  2:54  Orbital Command  
  26  2:55  SCV  
  27  3:03  Hellion x2  
  31  3:07  SCV, Marine  
  33  3:19  SCV  
  34  3:24  Hellion  
  34  3:25  Hellion  
  34  3:26  Marine  
  39  3:27  SCV  
  39  3:28  Supply Depot  
  39  3:30  Medivac  
  39  3:31  SCV  
  43  3:37  Armory  
  43  3:42  SCV  
  43  3:43  SCV  
  43  3:44  Marine  
  46  3:51  Hellion x2  
  46  3:55  SCV x2  
  52  4:03  Barracks Tech Lab  
  52  4:07  SCV, Supply Depot  
  53  4:10  SCV  
  53  4:12  Liberator  
  54  4:25  Supply Depot  
  54  4:29  Hellion x2  
  61  4:33  SCV  
  61  4:35  Command Center, Stimpack  
  61  4:43  Marauder  
  59  4:53  SCV x2  
  59  4:56  Hellion  
  59  4:57  Hellion  
  63  5:05  SCV  
  60  5:07  Engineering Bay  
  60  5:08  Refinery  
  60  5:09  Refinery, Engineering Bay  
  60  5:10  SCV  
  59  5:17  SCV  
  59  5:18  Marauder  
  62  5:24  SCV  
  62  5:25  Barracks  
  62  5:27  Barracks  
  63  5:28  Factory Reactor  
  63  5:29  SCV  
  63  5:34  Starport Reactor  
  64  5:37  Barracks  
  64  5:39  Barracks  
  64  5:40  SCV  
  64  5:42  SCV  
  62  5:53  SCV  
  62  5:54  SCV, Marauder  
  62  5:55  Terran Infantry Weapons Level 1  
  62  5:56  Terran Infantry Armor Level 1  
  66  5:58  Orbital Command  
  66  6:07  SCV  
  66  6:08  Bunker  
  66  6:09  Bunker  
  67  6:13  Factory Tech Lab  
  67  6:16  Marauder, Marine x2  
  71  6:22  Orbital Command, Medivac x2  
  71  6:23  Marine x2  
  77  6:27  Barracks Reactor x2  
  77  6:34  Marine x2  
  77  6:35  Siege Tank  
  77  6:38  SCV, Marauder  
  85  6:46  Supply Depot x2  
  85  6:48  SCV x2, Marine  
  85  6:51  Marine  
  89  6:54  Medivac  
  89  6:55  Medivac  
  93  7:02  Supply Depot x2  
  93  7:07  SCV x2, Marine x4  
  93  7:08  Marauder, Marine x3  
  104  7:09  Marine  
  104  7:10  Combat Shields  
  104  7:14  Supply Depot  
  105  7:16  Supply Depot  
  105  7:17  SCV  
  105  7:19  SCV  
  105  7:20  SCV  
  108  7:29  SCV  
  109  7:42  Marine x3  
  109  7:43  Marauder  
  109  7:44  Marine x5  
  111  7:45  Siege Tank  
  111  7:46  SCV  
  111  7:47  SCV  
  111  7:48  Refinery  
  111  7:49  Refinery  
  121  7:53  Medivac x2  
  125  8:00  Marine x3  
  125  8:01  SCV x2  
  125  8:02  Factory  
  125  8:04  Marauder, Marine x5  
  137  8:18  Marine x3  
  140  8:21  Marine  
  141  8:30  Supply Depot  
  141  8:31  Supply Depot  
  141  8:33  Supply Depot  
  141  8:37  Marauder, Medivac x2, Marine x2  
  149  8:45  Marine  
  149  8:46  Marine  
  144  8:50  Marine x3  
  144  8:52  Siege Tank  
  144  8:53  SCV x2  
  149  8:57  SCV  
  149  8:59  Marauder  
  152  9:03  Marine x3  
  152  9:05  SCV x2  
  152  9:09  SCV, Factory Tech Lab  
  158  9:12  Barracks  
  158  9:15  Barracks x2  
  158  9:16  Medivac x2  
  162  9:17  Supply Depot, SCV x2  
  162  9:18  Supply Depot  
  162  9:20  Marauder  
  162  9:21  Marine  
  162  9:22  Marine  
  168  9:24  Marine x3  
  171  9:38  Marine x3  
  167  9:39  Marine x2  
  167  9:42  Marine x2  
Tags
 
Add a new tag
Caveats
  • Supply blocks, unpowered buildings, or Contaminate may cause inaccurate times.
  • Supply counts are checked every 10 seconds.